Map: Eternal Empire LE

Players

goblin

  • Race: Protoss Protoss
  • League: Grandmaster
  • Spawn Location: 1:00

ShoWTimE - Winner!

  • Race: Protoss Protoss
  • League: Grandmaster
  • Spawn Location: 7:00

Event: DreamHack SC2 Masters 2020 Fall

VOD

Have the link to the VOD?

Description

Time

  • Played on: Sept. 6, 2020, 12:20 p.m.
  • Length: 19:52

All games in this series

Show
View Real Time Build Order
Export as new Build Order

goblin Protoss 

Build Orders: Oracle Opening, Carriers 

Get SALT Encoding   

  12  0:00  Probe  
  13  0:12  Probe  
  14  0:17  Pylon  
  14  0:24  Probe (Chrono Boost)  
  15  0:36  Probe (Chrono Boost)  
  15  0:39  Gateway  
  16  0:44  Probe (Chrono Boost)  
  16  0:46  Assimilator  
  17  0:50  Probe  
  17  0:54  Assimilator  
  18  1:03  Probe (Chrono Boost)  
  19  1:11  Gateway  
  19  1:12  Probe (Chrono Boost)  
  19  1:17  Probe (Chrono Boost)  
  21  1:26  Cybernetics Core  
  21  1:34  Probe  
  21  1:37  Pylon  
  22  1:46  Probe  
  23  2:03  Warp Gate, Stalker x2  
  27  2:18  Stargate  
  27  2:29  Probe  
  28  2:43  Nexus  
  28  2:49  Pylon  
  28  3:00  Oracle (Chrono Boost)  
  31  3:07  Probe  
  32  3:12  Shield Battery  
  32  3:19  Probe  
  33  3:23  Void Ray (Chrono Boost)  
  33  3:31  Probe  
  38  3:45  Probe  
  39  3:53  Pylon  
  39  3:55  Stalker  
  39  3:56  Probe (Chrono Boost), Stalker  
  44  4:04  Void Ray  
  44  4:09  Probe (Chrono Boost)  
  45  4:15  Probe (Chrono Boost)  
  50  4:17  Probe (Chrono Boost)  
  51  4:26  Probe (Chrono Boost)  
  51  4:27  Robotics Facility  
  51  4:29  Probe (Chrono Boost)  
  54  4:41  Probe (Chrono Boost)  
  54  4:42  Probe (Chrono Boost)  
  54  4:43  Void Ray  
  54  4:44  Pylon  
  55  4:45  Probe (Chrono Boost)  
  55  4:49  Probe  
  61  4:55  Assimilator  
  61  4:56  Probe  
  62  5:02  Assimilator, Probe  
  62  5:03  Pylon  
  63  5:19  Pylon  
  63  5:21  Probe (Chrono Boost)  
  63  5:22  Void Ray, Observer  
  63  5:23  Probe (Chrono Boost)  
  66  5:34  Pylon  
  70  5:39  Probe (Chrono Boost)  
  70  5:41  Probe (Chrono Boost)  
  72  5:44  Probe (Chrono Boost)  
  72  5:45  Immortal  
  72  5:49  Probe  
  78  5:50  Protoss Air Weapons Level 1  
  78  5:53  Zealot  
  78  5:54  Pylon  
  78  5:55  Probe  
  81  5:59  Void Ray  
  81  6:01  Probe  
  86  6:15  Nexus  
  86  6:22  Shield Battery  
  86  6:23  Probe x2  
  88  6:30  Pylon  
  88  6:36  Stargate, Sentry  
  88  6:39  Pylon  
  90  6:41  Void Ray  
  90  6:47  Shield Battery  
  94  6:52  Immortal  
  98  6:56  Shield Battery  
  98  6:57  Probe  
  98  6:58  Probe  
  98  7:09  Probe  
  98  7:10  Probe  
  98  7:13  Forge  
  98  7:14  Robotics Bay  
  100  7:16  Void Ray  
  100  7:18  Pylon  
  104  7:25  Probe x2 (Chrono Boost)  
  104  7:27  Probe (Chrono Boost)  
  107  7:35  Probe x2 (Chrono Boost)  
  107  7:36  Probe (Chrono Boost)  
  110  7:40  Pylon x2, Probe x2 (Chrono Boost)  
  110  7:41  Probe (Chrono Boost)  
  110  7:42  Pylon  
  110  7:44  Void Ray  
  113  7:49  Shield Battery  
  117  7:56  Void Ray  
  117  8:00  Disruptor (Chrono Boost)  
  124  8:06  Assimilator, Probe  
  124  8:07  Assimilator, Probe  
  126  8:13  Probe  
  126  8:15  Pylon  
  126  8:17  Pylon  
  126  8:19  Probe x2  
  129  8:25  Probe  
  130  8:31  Disruptor  
  130  8:32  Fleet Beacon  
  133  8:35  Void Ray  
  133  8:38  Void Ray  
  137  8:42  Photon Cannon  
  141  8:51  Pylon  
  141  8:52  Gateway  
  141  8:55  Gateway  
  141  9:04  Disruptor (Chrono Boost)  
  141  9:06  Pylon  
  141  9:08  Pylon  
  144  9:16  Void Ray  
  144  9:17  Void Ray  
  144  9:21  Unknown  
  152  9:25  Nexus, Pylon  
  152  9:28  Photon Cannon  
  152  9:29  Photon Cannon  
  152  9:40  Disruptor  
  152  9:44  Probe x2  
  157  9:48  Photon Cannon  
  157  9:49  Photon Cannon  
  157  9:51  Shield Battery, Pylon  
  157  9:53  Void Ray  
  157  9:58  Void Ray  
  161  10:02  Protoss Air Weapons Level 2 (Chrono Boost)  
  165  10:11  Shield Battery  
  165  10:13  Photon Cannon  
  165  10:16  Observer (Chrono Boost)  
  166  10:26  Shield Battery, Pylon  
  166  10:29  Zealot x3  
  166  10:32  Immortal (Chrono Boost)  
  166  10:33  Pylon  
  176  10:37  Observer  
  176  10:38  Pylon, Unknown, Probe x2  
  178  10:46  Photon Cannon x2  
  178  10:48  Photon Cannon  
  178  10:49  Shield Battery  
  178  10:50  Pylon, Photon Cannon x2  
  178  10:59  Void Ray (Chrono Boost)  
  178  11:03  Protoss Shields Level 1  
  178  11:05  Stargate  
  178  11:07  Stargate  
  176  11:24  Zealot, Void Ray (Chrono Boost)  
  176  11:25  Zealot x2  
  166  11:32  Disruptor  
  137  11:33  Void Ray (Chrono Boost)  
  137  11:36  Zealot  
  137  11:37  Probe  
  137  11:38  Probe x3  
  142  11:47  Void Ray x2 (Chrono Boost)  
  142  11:50  Probe x3 (Chrono Boost)  
  153  11:54  Void Ray  
  153  11:59  Probe (Chrono Boost)  
  158  12:02  Probe (Chrono Boost)  
  158  12:03  Probe x2 (Chrono Boost)  
  158  12:06  Nexus  
  162  12:09  Pylon, Probe (Chrono Boost)  
  162  12:11  Disruptor, Probe x2 (Chrono Boost)  
  167  12:16  Void Ray  
  171  12:26  Void Ray (Chrono Boost), Protoss Air Weapons Level 3 (Chrono Boost)  
  171  12:27  Void Ray (Chrono Boost)  
  177  12:44  Immortal (Chrono Boost)  
  179  13:02  Pylon  
  179  13:03  Pylon  
  177  13:06  Pylon  
  177  13:10  Void Ray (Chrono Boost)  
  177  13:11  Carrier (Chrono Boost)  
  199  13:13  Probe  
  199  13:17  Carrier x2 (Chrono Boost)  
  186  13:39  Nexus  
  186  13:40  Pylon  
  186  13:46  Mothership (Chrono Boost)  
  182  14:02  Carrier (Chrono Boost)  
  187  14:06  Immortal  
  195  14:10  Carrier (Chrono Boost)  
  195  14:32  Pylon  
  195  14:35  Nexus  
  195  14:36  Void Ray (Chrono Boost)  
  193  15:02  Probe  
  197  15:08  Carrier (Chrono Boost)  
  171  15:34  Carrier x2 (Chrono Boost)  
  180  15:44  Carrier (Chrono Boost)  
  180  15:52  Nexus  
  164  16:34  Stalker  
  162  16:41  Void Ray x2 (Chrono Boost)  
  162  16:50  Disruptor (Chrono Boost)  
  162  16:51  Void Ray x2 (Chrono Boost)  
  178  17:01  Photon Cannon  
  130  17:57  Photon Cannon  
  128  17:59  Shield Battery  
Show
View Real Time Build Order
Export as new Build Order

ShoWTimE Protoss - Winner!

Build Orders: Phoenix Opening 

Get SALT Encoding   

  12  0:00  Probe  
  13  0:12  Probe  
  14  0:17  Pylon  
  14  0:24  Probe (Chrono Boost)  
  15  0:36  Gateway, Probe (Chrono Boost)  
  16  0:44  Probe (Chrono Boost)  
  16  0:46  Assimilator  
  17  0:51  Probe  
  17  0:55  Assimilator  
  18  1:03  Probe (Chrono Boost)  
  19  1:13  Gateway  
  19  1:14  Probe (Chrono Boost)  
  20  1:19  Probe (Chrono Boost)  
  20  1:25  Cybernetics Core  
  21  1:30  Probe  
  22  1:35  Pylon  
  22  1:42  Probe  
  23  1:54  Probe  
  24  2:02  Warp Gate (Chrono Boost), Stalker x2  
  24  2:06  Probe  
  29  2:15  Pylon  
  29  2:32  Stalker  
  29  2:33  Stalker  
  33  2:55  Probe  
  34  3:00  Nexus  
  34  3:06  Sentry x2  
  34  3:12  Pylon  
  38  3:16  Probe  
  39  3:25  Shield Battery  
  39  3:30  Probe  
  40  3:35  Twilight Council  
  40  3:42  Probe  
  40  3:44  Phoenix  
  41  3:49  Stalker  
  41  3:54  Probe (Chrono Boost)  
  44  4:04  Stalker  
  44  4:06  Probe (Chrono Boost)  
  44  4:09  Blink (Chrono Boost)  
  47  4:13  Probe (Chrono Boost)  
  47  4:14  Probe (Chrono Boost)  
  49  4:21  Probe (Chrono Boost)  
  49  4:24  Probe (Chrono Boost)  
  50  4:32  Shield Battery, Probe x2 (Chrono Boost)  
  50  4:36  Probe (Chrono Boost)  
  50  4:38  Probe  
  52  4:44  Stalker  
  55  4:47  Probe  
  55  4:48  Pylon  
  55  4:50  Probe  
  57  4:55  Forge  
  57  4:59  Probe  
  58  5:02  Assimilator  
  58  5:03  Probe  
  59  5:09  Pylon  
  59  5:11  Probe  
  60  5:15  Probe  
  60  5:18  Gateway  
  61  5:21  Gateway  
  61  5:22  Pylon  
  61  5:25  Stalker  
  59  5:29  Probe  
  59  5:30  Shield Battery  
  59  5:32  Stalker  
  62  5:40  Phoenix, Protoss Ground Weapons Level 1 (Chrono Boost)  
  62  5:41  Gateway  
  62  5:51  Stalker  
  64  6:00  Nexus  
  64  6:01  Probe x2  
  64  6:03  Pylon  
  66  6:11  Phoenix  
  66  6:14  Stalker x2  
  66  6:15  Stalker  
  66  6:16  Probe  
  66  6:18  Probe  
  73  6:28  Probe  
  73  6:29  Stalker  
  73  6:30  Probe  
  77  6:35  Stalker  
  79  6:41  Pylon, Charge  
  79  6:42  Probe x2  
  81  6:54  Probe x2  
  81  6:57  Stalker  
  81  7:00  Pylon  
  85  7:05  Stalker x3  
  85  7:06  Probe x2  
  93  7:12  Pylon, Probe  
  94  7:16  Pylon  
  94  7:18  Probe x2  
  94  7:22  Assimilator  
  96  7:24  Probe  
  96  7:29  Templar Archives  
  97  7:30  Protoss Ground Weapons Level 2 (Chrono Boost), Probe x2  
  97  7:31  Assimilator  
  97  7:37  Probe  
  100  7:42  Probe  
  100  7:43  Robotics Facility, Probe  
  102  7:47  Assimilator  
  102  7:49  Probe  
  102  7:51  Gateway  
  103  7:52  Gateway  
  103  7:55  Probe x2  
  105  8:08  Gateway, Pylon  
  105  8:10  Nexus  
  105  8:12  Forge  
  105  8:18  High Templar x3  
  105  8:19  High Templar  
  113  8:20  Probe x3  
  113  8:26  Archon x2  
  116  8:32  Observer, Probe x2  
  116  8:33  Gateway, Probe  
  120  8:35  Gateway  
  120  8:38  Photon Cannon  
  120  8:42  High Templar  
  120  8:43  Protoss Shields Level 1 (Chrono Boost)  
  120  8:44  Photon Cannon, Probe  
  120  8:47  High Templar  
  125  8:54  Gateway, Archon  
  125  8:55  Gateway  
  125  8:58  Photon Cannon  
  125  9:02  Pylon  
  125  9:04  Zealot x2  
  125  9:05  Probe  
  125  9:06  Probe  
  125  9:09  Phoenix, Assimilator  
  131  9:10  Probe  
  131  9:14  Assimilator  
  131  9:16  High Templar x2  
  136  9:17  Warp Prism (Chrono Boost)  
  136  9:24  Archon  
  138  9:40  Nexus  
  138  9:42  Pylon  
  138  9:46  High Templar x3  
  138  9:47  Zealot x4, High Templar  
  138  9:48  Protoss Ground Weapons Level 3 (Chrono Boost)  
  138  9:52  Pylon  
  154  9:53  Archon x2  
  154  9:56  Zealot  
  154  9:57  Zealot x3  
  162  10:11  Zealot x4  
  170  10:20  Zealot x6  
  180  10:26  Stargate  
  180  10:28  Pylon  
  180  10:29  Pylon  
  180  10:30  Pylon  
  180  10:32  Pylon  
  180  10:37  Protoss Shields Level 2 (Chrono Boost)  
  180  10:43  Unknown  
  180  10:48  High Templar x4  
  188  10:50  Zealot x3, High Templar x2  
  188  10:51  Zealot  
  188  10:53  Archon x3  
  200  10:59  Photon Cannon  
  200  11:01  Pylon  
  200  11:03  Stargate  
  198  11:15  Stalker x6  
  174  11:21  Stalker x3  
  174  11:25  Observer  
  156  11:27  Stalker x2  
  114  11:41  High Templar  
  114  11:42  Zealot x5, High Templar  
  128  11:47  Archon  
  128  11:52  High Templar x2  
  132  11:57  Archon  
  132  11:58  Zealot x2  
  136  12:06  Stalker x5  
  146  12:09  Probe x4  
  146  12:10  Probe  
  146  12:12  Observer (Chrono Boost)  
  152  12:18  Stalker x4  
  152  12:21  Probe x4  
  152  12:22  Probe  
  165  12:28  Protoss Ground Armor Level 1 (Chrono Boost)  
  165  12:34  Stalker  
  165  12:35  Stalker x4  
  175  12:39  Stalker x2  
  175  12:42  Stalker  
  181  12:45  Protoss Shields Level 3 (Chrono Boost)  
  181  12:49  Stalker x3  
  183  13:01  Stalker x3  
  187  13:08  High Templar x4  
  195  13:13  Archon  
  195  13:14  Archon  
  195  13:15  Zealot x2  
  199  13:26  Pylon  
  195  13:29  Zealot x2  
  185  13:37  Stalker x5  
  195  13:41  Stalker  
  195  13:42  Stalker  
  195  13:44  Nexus  
  185  14:00  Stalker x7  
  199  14:08  Protoss Air Weapons Level 1 (Chrono Boost)  
  195  14:21  Protoss Ground Armor Level 2 (Chrono Boost), Pylon  
  195  14:29  Photon Cannon  
  195  14:31  Shield Battery  
  189  14:41  Gateway  
  189  14:43  Gateway  
  189  14:44  Zealot x7  
  189  14:45  Gateway  
  199  14:59  Zealot x3  
  199  15:05  Gateway  
  183  15:23  Stalker x9  
  199  15:28  Assimilator  
  199  15:32  Assimilator, Stalker x2  
  199  15:35  Gateway  
  185  15:36  Oracle (Chrono Boost)  
  185  15:41  Observer (Chrono Boost)  
  185  15:42  Oracle (Chrono Boost)  
  188  15:48  Stalker x6  
  200  15:55  Robotics Bay  
  194  16:12  Stalker x3  
  194  16:14  Nexus  
  194  16:16  Pylon  
  178  16:28  Stalker x8  
  188  16:33  Gateway  
  188  16:34  Gateway  
  188  16:37  Gateway, Pylon  
  188  16:40  Gateway, Stalker x6  
  188  16:44  Observer (Chrono Boost)  
  198  16:58  Stalker  
  187  17:16  High Templar x7  
  187  17:20  High Templar x2  
  187  17:22  Archon x3  
  196  17:24  Gateway  
  196  17:25  Gateway  
  196  17:27  Assimilator  
  188  17:33  Cybernetics Core  
  188  17:36  Stalker x9  
  188  17:37  Stalker x2  
  155  17:43  Archon  
  150  17:53  High Templar x6  
  150  17:54  High Templar  
  164  17:58  Archon x3  
  164  17:59  Stalker, Archon  
  164  18:00  Stalker x5  
  176  18:13  Assimilator  
  131  18:55  Pylon  
  131  18:56  Pylon  
  131  19:07  Pylon  
  131  19:10  Pylon x2  
  131  19:12  Pylon  
  131  19:13  Pylon  
  131  19:14  Pylon x2  
  131  19:15  Pylon  
  131  19:18  Pylon  
  131  19:21  Pylon  
  131  19:23  Stalker  
  131  19:28  Stalker x2  
  131  19:29  Stalker x4  
  131  19:30  Stalker x2  
  147  19:33  Stalker x5  

Tags
 
Add a new tag
Caveats
  • Supply blocks, unpowered buildings, or Contaminate may cause inaccurate times.
  • Supply counts are checked every 10 seconds.